 Dungeon Crawl Stone Soup version 0.28.0-53-g5a82cb258f (webtiles) character file.

Game seed: 45474102071304931

1128 issech the Cleaver (level 8, 0/70 HPs)
             Began as a Minotaur Monk on May 31, 2022.
             Slain by Duvessa
             ... wielding a +0 short sword
              (6 damage)
             ... on level 5 of the Dungeon.
             The game lasted 00:17:02 (6573 turns).

issech the Cleaver (Minotaur Monk)                  Turns: 6573, Time: 00:17:02

Health: 0/70       AC: 13    Str: 15    XL:     8   Next: 13%
Magic:  7/7        EV:  8    Int:  7    God:
Gold:   216        SH:  5    Dex: 16    Spells: 7/7 levels left

rFire   . . .      SeeInvis .   N - +0 war axe
rCold   . . .      Faith    .   (no shield)
rNeg    . . .      Spirit   .   G - +0 chain mail
rPois   .          Reflect  +   v - +1 hat
rElec   .          Harm     .   F - +0 cloak
rCorr   .          Rampage  .   (no gloves)
Will    .....                   o - +0 pair of boots
Stlth   ..........              e - amulet of reflection
HPRegen 0.21/turn               (no ring)
MPRegen 0.10/turn               (no ring)

@: studying Fighting
A: horns 2, retaliatory headbutt
a: no special abilities


You were on level 5 of the Dungeon.
You visited 1 branch of the dungeon, and saw 5 of its levels.
You also visited: Sewer.

You collected 216 gold pieces.

Inventory:

Hand Weapons
 a - a +0 hand axe
 n - a +0 dagger
 p - a +0 whip
 q - a +0 spear
 u - a +0 flail
 K - a +0 short sword
 N - a +0 war axe (weapon)
 P - a +1 vorpal mace
Missiles
 d - 165 stones (quivered)
 g - 41 sling bullets
 j - 3 javelins
 y - 5 poisoned darts
 D - 4 curare-tipped darts
 I - 5 boomerangs
 J - 19 bolts
Armour
 b - a +0 robe
 h - a +0 leather armour
 k - a +0 ring mail
 o - a +0 pair of boots (worn)
 v - a +1 hat (worn)
 F - a +0 cloak (worn)
 G - a +0 chain mail (worn)
 H - a scarf of invisibility
Magical Staves
 O - a staff of fire
Jewellery
 e - an amulet of reflection (around neck)
Wands
 L - a wand of polymorph (9)
Scrolls
 f - 3 scrolls of identify
 i - 4 scrolls of teleportation
 m - a scroll of blinking
 r - 3 scrolls of fear
 w - a scroll of enchant armour
 E - a scroll of amnesia
Potions
 c - 2 potions of flight {unknown}
 l - 2 potions of ambrosia {unknown}
 s - 2 potions of curing {unknown}
 t - a potion of degeneration {unknown}
 x - 3 potions of heal wounds {unknown}
 z - a potion of mutation {unknown}
 A - a potion of experience {unknown}
 B - a potion of magic {unknown}
 C - 2 potions of lignification {unknown}
 M - a potion of invisibility {unknown}


   Skills:
 + Level 6.1 Fighting
 + Level 8.0 Axes
 + Level 5.6 Armour
 + Level 4.7 Dodging
 + Level 2.3 Stealth
 + Level 3.0 Shields


You had 7 spell levels left.
You didn't know any spells.
Your spell library contained the following spells:

 Spells                   Type           Power      Damage    Failure   Level
 Ensorcelled Hibernation  Hex/Ice        0%         N/A       100%        2
 Passwall                 Tmut/Erth      0%         N/A       100%        2
 Summon Guardian Golem    Hex/Summ       0%         N/A       100%        3
 Swiftness                Air            0%         N/A       100%        3
 Olgreb's Toxic Radiance  Pois           0%         N/A       100%        4
 Alistair's Intoxication  Tmut/Pois      0%         N/A       100%        5
 Borgnjor's Vile Clutch   Necr/Erth      0%         N/A       100%        5
 Lee's Rapid Deconstruct  Erth           0%         3d5*      100%        5
 Orb of Destruction       Conj           0%         9d5       100%        7
 Spellforged Servitor     Conj/Summ      0%         N/A       100%        7


Dungeon Overview and Level Annotations

Branches:
Dungeon (5/15)              Sewer (visited)
 Temple: D:4-7

Altars:
Nemelex Xobeh
Qazlal
Ru
Uskayaw

Shops:
D:3 [

Annotations:
D:5 Duvessa


Innate Abilities, Weirdness & Mutations

You have a pair of horns on your head.
You reflexively headbutt those who attack you in melee.


Message History

Dowan is almost dead.
You hit Duvessa but do no damage. You block Duvessa's attack.
Dowan hits you but does no damage.
You closely miss Dowan. You headbutt Dowan.
You kill Dowan!
Duvessa weeps, and shakes her weapon.
Duvessa goes berserk!
You hit Duvessa. Duvessa hits you with a +0 short sword!
Duvessa hits you but does no damage.
Your Axes skill increases to level 8!
Your Shields skill increases to level 3!
You hit Duvessa but do no damage. You headbutt Duvessa, but do no damage.
Duvessa is lightly wounded.
Duvessa barely misses you. Duvessa hits you with a +0 short sword!
You hit Duvessa but do no damage. Your headbutt misses Duvessa.
Duvessa is lightly wounded.
Duvessa hits you with a +0 short sword.
You hit Duvessa.
Duvessa is lightly wounded.
Duvessa hits you with a +0 short sword! Duvessa hits you with a +0 short sword.
You hit Duvessa. You headbutt Duvessa, but do no damage.
Duvessa is lightly wounded.
Duvessa closely misses you.
You hit Duvessa.
Duvessa is lightly wounded.
Duvessa hits you with a +0 short sword.
* * * LOW HITPOINT WARNING * * *
Duvessa barely misses you.
You hit Duvessa but do no damage. Your headbutt misses Duvessa.
Duvessa is lightly wounded.
Duvessa hits you with a +0 short sword!
* * * LOW HITPOINT WARNING * * *
Duvessa completely misses you.
You hit Duvessa but do no damage.
Duvessa is lightly wounded.
Duvessa hits you with a +0 short sword.
* * * LOW HITPOINT WARNING * * *
You hit Duvessa. You headbutt Duvessa.
Duvessa is moderately wounded.
Duvessa hits you with a +0 short sword.
You die...

##'######.....#######
#.....###.....###...#
#.....'.............#
#.....#.............#
#.....#..)...........
#.....####[######...#
#.....###......##...#
#.......#............
#...@...#...........#
#..e)...#...........#
#....>..#......†....#
#.......#...........#
#.......#...........'
#......>+...........#
###########...####...#
#.........#...####...#
#.........#....#.....#


You could see Duvessa (berserk).

Vanquished Creatures
  A steam dragon (D:5)
  2 water moccasins
  A black bear (D:5)
  A sky beast (D:5)
  A phantom (D:5)
  A scorpion (D:5)
  Dowan (D:5)
  A hound (D:5)
  An iguana (D:4)
  A centaur skeleton (D:5)
  An orc wizard (D:4)
  2 hound skeletons (D:4)
  A howler monkey zombie (D:5)
  3 gnolls
  3 river rats (Sewer)
  11 adders
  An adder skeleton (D:4)
  4 worms
  3 dart slugs
  9 orcs
  6 bats
  4 endoplasms
  7 giant cockroaches
  8 goblins
  8 hobgoblins
  8 jackals
  2 quokkas
  9 ball pythons
  9 frilled lizards
  7 kobolds
  12 rats
129 creatures vanquished.

Vanquished Creatures (others)
  20 plants (Sewer)
20 creatures vanquished.

Grand Total: 149 creatures vanquished

Notes
Turn   | Place    | Note
-------+----------+-------------------------------------------
     0 | D:1      | issech the Minotaur Monk began the quest for the Orb.
     0 | D:1      | Reached XP level 1. HP: 19/19 MP: 0/0
   349 | D:1      | Reached XP level 2. HP: 27/27 MP: 1/1
   376 | D:1      | Reached skill level 4 in Axes
  1216 | D:2      | Reached XP level 3. HP: 29/33 MP: 2/2
  1364 | D:2      | Reached skill level 1 in Armour
  1456 | D:1      | HP: 1/33 [gnoll/+0 whip (3)]
  1824 | D:2      | Reached XP level 4. HP: 29/40 MP: 3/3
  2046 | D:2      | Reached skill level 1 in Shields
  2087 | D:2      | Got Zenum's Disquisition on Earth and Contamination
  2421 | D:3      | Found Woffur's Antique Armour Shop.
  2513 | D:3      | Found a glowing drain.
  2517 | Sewer    | Entered a sewer
  2729 | Sewer    | Reached XP level 5. HP: 37/46 MP: 4/4
  2906 | Sewer    | Reached skill level 5 in Axes
  3753 | D:3      | Found a faded altar of an unknown god.
  3990 | D:3      | Found a sparkling altar of Nemelex Xobeh.
  4095 | D:3      | Noticed a water moccasin
  4111 | D:3      | Killed a water moccasin
  4111 | D:3      | HP: 2/47 [poisoned by a water moccasin]
  4112 | D:3      | Reached XP level 6. HP: 2/53 MP: 5/5
  4524 | D:4      | Found a stormy altar of Qazlal.
  5022 | D:4      | Reached skill level 6 in Axes
  5190 | D:4      | Identified a scroll of acquirement
  5191 | D:4      | Acquired a manual of Fighting
  5575 | D:5      | Entered Level 5 of the Dungeon
  5780 | D:5      | Reached XP level 7. HP: 43/60 MP: 6/6
  5940 | D:5      | Reached skill level 5 in Fighting
  6027 | D:5      | Found a sacrificial altar of Ru.
  6086 | D:5      | Reached skill level 7 in Axes
  6140 | D:5      | Found a hide-covered altar of Uskayaw.
  6213 | D:5      | Noticed a steam dragon
  6248 | D:4      | Reached skill level 5 in Armour
  6261 | D:5      | Killed a steam dragon
  6430 | D:5      | Reached XP level 8. HP: 70/70 MP: 7/7
  6558 | D:5      | Noticed Duvessa
  6559 | D:5      | Noticed Dowan
  6565 | D:5      | Killed Dowan
  6566 | D:5      | Reached skill level 8 in Axes
  6573 | D:5      | Slain by Duvessa

Illustrated notes

Levels and vault maps discovered:
D:1:      dpeg_arrival_erosion, layout_basic, minmay_misc_feat_chi,
          minmay_pentomino_x2
D:2:      layout_rooms, hangedman_decor_diamond_cutter, solitary_fountain
D:3:      layout_rooms, nemelex_xobeh_ov_fountains_minmay,
          shapermc_ecumenical_altar_venn, serial_shops, shop_statue,
          gup_sewer_entry_spiral, kennysheep_generic_room_13
D:4:      layout_loops_corners, grunt_qazlal_clouds
D:5:      layout_gridville, mainiacjoe_overflow_small_starburst,
          kennysheep_mini, uniq_duvessa

Skill      XL: |  1  2  3  4  5  6  7  8 |
---------------+-------------------------+-----
Axes           | 4 5 6 7 8 |  8.0
Fighting       | 4 6 |  6.1
Armour         | 1 2 3 4 5 |  5.6
Stealth        | 2 |  2.3
Shields        | 1 2 3 |  3.0
Dodging        | 4 |  4.7

Action                   |  1- 3 |  4- 6 |  7- 9 || total
-------------------------+-------+-------+-------++-------
Melee: Hand axe          |    81 |   306 |       ||   387
       Headbutt          |    11 |    51 |    11 ||    73
       Punch             |       |     2 |     1 ||     3
       War axe           |       |     5 |    46 ||    51
  Use: Scroll            |       |     7 |       ||     7
 Stab: Sleeping          |     1 |     1 |       ||     2
Armor: Robe              |     2 |       |       ||     2
       Leather armour    |     1 |       |       ||     1
       Ring mail         |    11 |    71 |       ||    82
       Chain mail        |       |    25 |    36 ||    61
Dodge: Dodged            |    44 |   142 |    29 ||   215
Block: Other             |    14 |    55 |    12 ||    81
       Reflection        |       |     1 |       ||     1
